 Dungeon Crawl Stone Soup version 0.31.0-32-g396128a36d (webtiles) character file.

Game seed: 869562062621363186

229 AdnanSaban the Trooper (level 6, -6/39 HPs)
             Began as a Gargoyle Fighter on Apr 14, 2024.
             Was an Initiate of Okawaru.
             Killed from afar by Blork the orc (11 damage)
             ... with a puff of frost
             ... on level 5 of the Dungeon.
             The game lasted 00:02:52 (3609 turns).

AdnanSaban the Trooper (Gargoyle Fighter)           Turns: 3609, Time: 00:02:53

Health: -6/39      AC: 17    Str: 21    XL:     6   Next: 3%
Magic:  7/7        EV:  6    Int:  9    God:    Okawaru [......]
Gold:   214        SH:  4    Dex:  9    Spells: 5/5 levels left

rFire   . . .        a - +0 flail
rCold   . . .        c - +0 buckler
rNeg    + . .        p - +0 plate armour
rPois   ∞            (no helmet)
rElec   +            (no cloak)
rCorr   .            g - +0 pair of gloves
SInv    .            (no boots)
Will    +....        (no amulet) Stlth
                     r - ring of willpower
HPRegen 0.26/turn    (no ring)
MPRegen 0.10/turn

%: no passive effects
@: no status effects
A: sickness immunity, AC +4, negative energy resistance 1, electricity
resistance, torment resistance 1, petrification resistance
a: Renounce Religion


You were on level 5 of the Dungeon.
You worshipped Okawaru.
Okawaru was noncommittal.
You visited 1 branch of the dungeon, and saw 5 of its levels.

You collected 214 gold pieces.

Inventory:

Hand Weapons
 a - a +0 flail (weapon)
Missiles
 e - 8 boomerangs (quivered)
 q - 4 poisoned darts
Armour
 c - a +0 buckler (worn)
 g - a +0 pair of gloves (worn)
 p - a +0 plate armour (worn)
Jewellery
 r - a ring of willpower (left hand)
Wands
 u - a wand of mindburst (13)
 x - a wand of light (15)
Scrolls
 f - 3 scrolls of identify {unknown}
 h - a scroll of acquirement {unknown}
 j - 2 scrolls of enchant armour {unknown}
 k - a scroll of amnesia {unknown}
 o - a scroll of summoning {unknown}
 s - a scroll of noise {unknown}
 v - a scroll of enchant weapon {unknown}
Potions
 b - a potion of magic {unknown}
 d - 3 potions of might
 i - 2 potions of degeneration {unknown}
 l - a potion of haste {unknown}
 m - a potion of heal wounds {unknown}
 n - a potion of attraction {unknown}
 t - a potion of mutation {unknown}
 w - a potion of enlightenment {unknown}
 z - a potion of lignification {unknown}


   Skills:
 + Level 4.3 Fighting
 + Level 3.9 Maces & Flails
 + Level 4.0 Armour
 + Level 0.4 Dodging
 + Level 0.3 Stealth
 + Level 4.0 Shields
 * Level 1.7 Invocations


You had 5 spell levels left.
You didn't know any spells.
Your spell library contained the following spells:

 Spells                   Type           Power      Damage    Failure   Level
 Stone Arrow              Conj/Erth      0%         3d7       100%        3
 Passage of Golubria      Tloc           0%         N/A       100%        4
 Yara's Violent Unravell  Hex/Alch       0%         3d3       100%        5
 Lehudib's Crystal Spear  Conj/Erth      0%         10d2      100%        8
 Tukima's Dance           Hex            Unusable   N/A       N/A         3
 Animate Armour           Summ/Erth      Unusable   N/A       N/A         4

Dungeon Overview and Level Annotations

Branches:
Dungeon (5/15)
 Temple: D:4-7

Altars:
Okawaru

Annotations:
D:5 1 runed translucent door, Blork the orc, Crazy Yiuf


Innate Abilities, Weirdness & Mutations

You are immune to sickness and miasma.
Your stone body is resilient. (AC +4)
You are immune to poison.
You resist negative energy. (rN+)
You are resistant to electric shocks. (rElec)
You are resistant to unholy torment.
You are immune to petrification.


Message History

Blork the orc is severely wounded.
Blork the orc hits you but does no damage.
You barely miss Blork the orc.
Blork the orc is heavily wounded.
Blork the orc hits you with a +0 flail. Blork the orc completely misses you.
You hit Blork the orc.
Blork the orc is severely wounded.
You block Blork the orc's attack.
You hit Blork the orc but do no damage.
Blork the orc is severely wounded.
Blork the orc casts a spell at you. The magic dart hits you!
* * * LOW HITPOINT WARNING * * *
You are too injured to fight recklessly!
You are too injured to fight recklessly!
You are too injured to fight recklessly!
You are too injured to fight recklessly!
You are too injured to fight recklessly!
You are too injured to fight recklessly!
You are too injured to fight recklessly!
You are too injured to fight recklessly!
You are too injured to fight recklessly!
You are too injured to fight recklessly!
Okay, then.
You hit Blork the orc but do no damage.
Blork the orc is severely wounded.
Blork the orc hits you with a +0 flail.
* * * LOW HITPOINT WARNING * * *
You barely miss Blork the orc.
Blork the orc is severely wounded.
Blork the orc hits you but does no damage.
Blork the orc screams, "Die!"
Blork the orc casts a spell at you. The puff of frost hits you.
* * * LOW HITPOINT WARNING * * *
You hit Blork the orc.
Blork the orc is severely wounded.
Blork the orc points at you and mumbles some strange words.
The puff of frost hits you!
You die...

#. #.# #.# #.#
###.# #
#...####.#####
#.....@o.....#
#######
#.....##/###.#
##.#...####...## #
##.#..........##
#.###...#####.#
##.#.#### #.#
###.##### ##'##
........# ##...##
.##.###.###.....##


You could see Blork the orc.

Vanquished Creatures
  An orc priest (D:5)
  An iguana (D:5)
  2 orc wizards
  3 adders
  2 ufetubi (D:5)
  A dart slug (D:3)
  3 ribbon worms (D:2)
  11 orcs
  3 endoplasms
  6 giant cockroaches
  4 goblins
  4 hobgoblins
  3 jackals (D:3)
  6 kobolds
  2 quokkas
  4 ball pythons
  2 bats
  4 frilled lizards
  5 rats
67 creatures vanquished.

Notes
Turn   | Place    | Note
-------+----------+-------------------------------------------
     0 | D:1      | AdnanSaban the Gargoyle Fighter began the quest for the
                  | Orb.
     0 | D:1      | Reached XP level 1. HP: 14/14 MP: 1/1
   456 | D:1      | Reached XP level 2. HP: 19/19 MP: 2/2
   952 | D:1      | Found a faded altar of an unknown god.
  1309 | D:2      | Reached XP level 3. HP: 21/24 MP: 3/3
  2048 | D:3      | Reached XP level 4. HP: 29/29 MP: 4/4
  2735 | D:4      | Found an iron altar of Okawaru.
  2755 | D:4      | Became a worshipper of Warmaster Okawaru
  2835 | D:4      | Reached XP level 5. HP: 30/33 MP: 5/5
  3205 | D:5      | Entered Level 5 of the Dungeon
  3230 | D:5      | Reached skill level 1 in Invocations
  3266 | D:5      | Identified the +4 ring mail of Inviolability {*Corrode
                  | Regen+ Str+4 Dex+4}
  3274 | D:5      | Found a runed translucent door.
  3275 | D:5      | Noticed Crazy Yiuf
  3444 | D:5      | Reached XP level 6. HP: 39/39 MP: 7/7
  3591 | D:5      | Noticed Blork the orc
  3609 | D:5      | Killed from afar by Blork the orc

Illustrated notes

Levels and vault maps discovered:
D:1:      hellmonk_arrival_library, layout_basic, serial_bayou,
          serial_bayou_shore_a, serial_bayou_lake_a, serial_bayou_ford_a,
          serial_bayou_shore_b, dilly_ecumenical_altar_fadedgnrine,
          minmay_pentomino_z4
D:2:      kb_forest_paths, layout_loops_ring
D:3:      layout_rooms, due_unseen_surprise
D:4:      layout_loops_ring, okawaru_gym_becter
D:5:      layout_loops_corners, elyvilon_altar_1, bloody_makhleb,
          uniq_blork_the_orc, uniq_crazy_yiuf_cottage

Skill      XL: |  1  2  3  4  5 |
---------------+----------------+-----
Fighting       | 4 |  4.3
Maces & Flails | 3 |  3.9
Armour         | 4 |  4.0
Invocations    | 1 |  1.7
Shields        | 4 |  4.0
Dodging        | |  0.4
Stealth        | |  0.3

Action                     |  1- 3 |  4- 6 || total
---------------------------+-------+-------++-------
  Melee: Flail             |   114 |   135 ||   249
 Armour: Scale mail        |    79 |    19 ||    98
         Plate armour      |       |    84 ||    84
  Dodge: Dodged            |    53 |    45 ||    98
  Block: Buckler           |    21 |    27 ||    48
